TKirby, neutral male human Wizard ## h @# i -.-------------# |...<..........#### |.............|# # |..............# --------------- TKirby the Conjurer Experience level: 5 Strength: 10 Dexterity: 17 Constitution: 15 Intelligence: 18 Wisdom: 12 Charisma: 7 Health: 0(47) Energy: 42(52) Def: 2 Gold: 569 Moves: 3295 Dungeon seed: T8DzlSr66Q4vcNZn Game ID: TKirby_1491505451 Your Inventory: Coins $ - 569 gold pieces Weapons a - a blessed +1 quarterstaff (weapon in hands) y - a +0 dagger Armor e - an uncursed +0 cloak of magic resistance (being worn) n - an uncursed -1 pair of iron shoes (being worn) Scrolls i - an uncursed scroll of gold detection j - an uncursed scroll of earth k - an uncursed scroll of create monster v - an uncursed scroll of enchant weapon C - an uncursed scroll of identify Spellbooks l - a blessed spellbook of force bolt m - an uncursed spellbook of slow monster s - an uncursed spellbook of light Potions f - an uncursed potion of water g - an uncursed potion of sickness w - a cursed potion of invisibility D - an uncursed potion of paralysis Rings c - an uncursed ring of protection from shape changers (on left hand) d - an uncursed +1 ring of gain constitution (on right hand) E - an uncursed ring of shock resistance Wands b - a wand of secret door detection (0:11) Gems q - an uncursed worthless piece of blue glass r - an uncursed worthless piece of white glass Spells and supernatural/magical abilities: Name Level Category Fail Memory a - force bolt 1 attack 0% 84% l - light 1 divination 0% 88% s - slow monster 2 enchantment 0% 84% W - pray for help -- divine ? -- Your skills at the end: Fighting Skills Weapon Skills quarterstaff [Basic] Spellcasting Skills attack spells [Basic] enchantment spells [Basic] Final Attributes: You were piously aligned. You were magic-protected. You were protected from shape changers. You are dead. Vanquished creatures: 2 floating eyes 2 dwarves a homunculus a giant bat a wererat a werejackal an iguana 2 acid blobs a coyote a gas spore a hobbit 2 giant rats 2 cave spiders a brown mold a yellow mold a green mold a gnome zombie 5 geckos a jackal 2 foxes a kobold 3 goblins 4 grid bugs 3 lichens 5 newts 46 creatures vanquished. Voluntary challenges: You were vegetarian. You had been an atheist until turn 1831. You used a wielded weapon 44 times, starting on turn 62. You read items or engraved 1 time, starting on turn 729. You never genocided any monsters. You never polymorphed an object. You never changed form. You used no wishes. You never split a pudding. You never wrote Elbereth's name. You never violated your personal moral code. Dungeon overview: The Dungeons of Doom: levels 1 to 7 Level 1 a long staircase Level 2 a general store Level 3 Level 4 stairs to The Gnomish Mines Level 5 Level 6 Level 7 <- You were here The Gnomish Mines: Level 5 stairs to The Dungeons of Doom History has recorded: On T:1 you entered the Dungeons of Doom to retrieve the Amulet of Yendor! On T:367 you reached level 2 of The Dungeons of Doom. On T:532 you advanced to experience level 2. On T:821 you reached level 3 of The Dungeons of Doom. On T:1123 you advanced to experience level 3. On T:1329 you reached level 4 of The Dungeons of Doom. On T:1523 you reached level 1 of The Gnomish Mines. On T:1660 you advanced to experience level 4. On T:1866 you reached level 5 of The Dungeons of Doom. On T:2866 you reached level 6 of The Dungeons of Doom. On T:3195 you advanced to experience level 5. On T:3254 you reached level 7 of The Dungeons of Doom. Score breakdown: Gold: 569 ( 9374 points) Experience: 5 levels (11141 points) Exploration: 7 levels ( 13.46%) (10289 points) Discoveries: 1 item ( 0.35%) ( 1770 points) Valuables value: (no points given unless you survive) Artifact value: 0 ( 0 points) Variety of kills: 25 monsters ( 6.56%) ( 7684 points) Turncount: 3295 turns ( -738 points) Survival: died (score multiplied by 80%) Total score: 31616 Latest messages: The imp hits! The bugbear hits! You miss the bugbear. The imp hits! The bugbear hits! You miss the bugbear. The imp hits! The spell misses the imp. The imp hits! The bugbear hits! The spell hits the imp! The imp hits! The bugbear hits! You miss the imp. The imp hits! The bugbear hits! You die... Final status: Goodbye TKirby the Wizard, killed by a bugbear... You died in The Dungeons of Doom on dungeon level 7 with 31616 points, and 569 pieces of gold, after 3295 moves. You were level 5 with a maximum of 47 hit points when you died.